 Dungeon Sprint DCSS version 0.28-b1-1-g3c77fb2ed1 (webtiles) character file.

Game seed: 12366546770871008884

65 rocky1 the Frost Mage (level 4, -5/36 HPs)
             Began as a Gargoyle Ice Elementalist on Jan 31, 2022.
             Was a Priest of Vehumet.
             Slain by a wight (8 damage)
             ... in the Dungeon (Sprint VII: "The Pits").
             The game lasted 00:03:22 (786 turns).

rocky1 the Frost Mage (Gargoyle Ice Elementalist)    Turns: 786, Time: 00:03:23

Health: -5/36      AC: 12    Str: 11    XL:     4   Next: 13%
Magic:  7/7        EV: 11    Int: 18    God:    Vehumet [***...]
Gold:   0          SH:  0    Dex: 10    Spells: 6/7 levels left

rFire   . . .      SeeInvis .   l - +1 quarterstaff (protect)
rCold   . . .      Faith    .   (shield currently unavailable)
rNeg    + . .      Spirit   .   a - +0 robe
rPois   ∞          Reflect  .   (no helmet)
rElec   +          Harm     .   (no cloak)
rCorr   .          Rampage  .   (no gloves)
Will    .....      NoTele   +   (no boots)
Stlth   ..........              (no amulet)
HPRegen 0.12/turn               (no ring)
MPRegen 0.10/turn               (no ring)

@: berserking (expiring), under a protective aura, very quick
A: sickness immunity, AC +3, negative energy resistance 1, electricity
resistance, torment resistance 1, petrification resistance
a: Renounce Religion


You were in the Dungeon.
You worshipped Vehumet.
Vehumet was most pleased with you.
You visited 1 branch

Inventory:

Hand Weapons
 k - a +2 quarterstaff
 l - a +1 quarterstaff of protection (weapon)
 m - a +3 mace of protection
Armour
 a - a +0 robe (worn)
Scrolls
 g - a scroll of blinking
 i - 5 scrolls of amnesia
 j - a scroll of summoning
Potions
 b - 6 potions of curing
 c - 6 potions of heal wounds
 d - a potion of haste
 e - 4 potions of magic
 f - 2 potions of berserk rage
 h - 2 potions of invisibility


   Skills:
 - Level 1.5 Dodging
 - Level 2.1 Stealth
 - Level 2.0 Spellcasting
 + Level 8.7 Ice Magic


You had 6 spell levels left.
You knew the following spells:

 Your Spells              Type           Power      Damage    Failure   Level
a - Freeze                Ice            100%       1d11      1%          1

Your spell library contained the following spells:

 Spells                   Type           Power      Damage    Failure   Level
 Scorch                   Fire           2%         2d5       7%          2
 Frozen Ramparts          Ice            66%        1d8       1%          3
 Ozocubu's Armour         Ice            33%        N/A       1%          3
 Hailstorm                Conj/Ice       17%        3d6       9%          4


Dungeon Overview and Level Annotations

Branches:
Dungeon (1/1)

Altars:
Ashenzari
Cheibriados
Dithmenos
Elyvilon
Fedhas
Gozag
Hepliaklqana
Kikubaaqudgha
Makhleb
Nemelex Xobeh
Okawaru
Qazlal
Ru
Sif Muna
Trog
Uskayaw
Vehumet
Wu Jian
Xom
Yredelemnul
Zin
The Shining One
Beogh
Jiyva
Lugonu


Innate Abilities, Weirdness & Mutations

You are immune to sickness and miasma.
Your stone body is resilient. (AC +3)
You are immune to poison.
You resist negative energy. (rN+)
You are resistant to electric shocks. (rElec)
You are resistant to unholy torment.
You are immune to petrification.


Message History

Your Ice Magic skill increases to level 7!
You have reached level 3!
Your experience leads to an increase in your attributes!
Increase (S)trength, (I)ntelligence, or (D)exterity?
You feel clever. x2
Unknown command.
You sock the wight!
The wight is almost destroyed.
You hit the wight but do no damage.
The wight is almost destroyed.
The wight barely misses you.
You hit the wight.
The wight is almost destroyed.
The wight hits you with a +6 flail!
Ouch! That really hurt!
* * * LOW HITPOINT WARNING * * *
You closely miss the wight.
The wight is almost destroyed.
The wight hits you with a +6 flail!
* * * LOW HITPOINT WARNING * * *
You hit the wight.
You destroy the wight!
Vehumet accepts your kill.
Your Ice Magic skill increases to level 8!
You have reached level 4!
You feel clever.
You closely miss the frilled lizard. The frilled lizard barely misses you.
You hit the frilled lizard.
You kill the frilled lizard!
Vehumet accepts your kill.
You hit the wight but do no damage. You hit the wight but do no damage.
The wight closely misses you. The wight barely misses you.
You hit the wight.
The wight is moderately damaged.
The wight hits you but does no damage. The wight barely misses you.
You hit the wight.
The wight is heavily damaged.
The wight hits you with a +5 falchion!
You die...

#_______...#######
##########'##.....
#.?(.')))'.##.....
##########.##.....
#.........).'.....
#'#####'#####.....
#.#.....#..##.....
#.#.....#))#####'#
#@###'###))##.....
#z#.....#..##.....
#z#..÷..#[[##.....
#o####÷##'###...<.
#h#........##.....
#o#........##.....
#o###########.....
#z....l.# ######
#...zz..#


You could see a wolf, 3 wights and 3 orcs.

Vanquished Creatures
  A wight (D)
  A gnoll (D)
  2 bats (D)
  A giant cockroach (D)
  5 jackals (D)
  2 quokkas (D)
  A ball python skeleton (D)
  A frilled lizard (D)
  A quokka zombie (D)
15 creatures vanquished.

Notes
Turn   | Place    | Note
-------+----------+-------------------------------------------
     0 | D        | rocky1 the Gargoyle Ice Elementalist began the quest for
                  | the Orb.
     0 | D        | Reached XP level 1. HP: 10/10 MP: 3/3
    17 | D        | Reached skill level 5 in Ice Magic
    17 | D        | Reached XP level 2. HP: 5/15 MP: 0/5
   315 | D        | Found a bloodstained altar of Trog.
   315 | D        | Found a shimmering blue altar of Sif Muna.
   315 | D        | Found a viscous altar of Jiyva.
   315 | D        | Found a hazy altar of Hepliaklqana.
   315 | D        | Found an opulent altar of Gozag.
   316 | D        | Found a glowing golden altar of the Shining One.
   316 | D        | Found a glowing silver altar of Zin.
   316 | D        | Found a basalt altar of Yredelemnul.
   316 | D        | Found a shimmering altar of Xom.
   316 | D        | Found an ornate altar of the Wu Jian Council.
   316 | D        | Found a sacrificial altar of Ru.
   316 | D        | Found a stormy altar of Qazlal.
   316 | D        | Found an iron altar of Okawaru.
   316 | D        | Found a sparkling altar of Nemelex Xobeh.
   316 | D        | Found a burning altar of Makhleb.
   316 | D        | Found a blossoming altar of Fedhas.
   316 | D        | Found a white marble altar of Elyvilon.
   316 | D        | Found a shadowy altar of Dithmenos.
   316 | D        | Found a snail-covered altar of Cheibriados.
   318 | D        | Found a radiant altar of Vehumet.
   318 | D        | Found a corrupted altar of Lugonu.
   319 | D        | Found a hide-covered altar of Uskayaw.
   319 | D        | Found an ancient bone altar of Kikubaaqudgha.
   319 | D        | Found a broken altar of Ashenzari.
   328 | D        | Became a worshipper of Vehumet
   385 | D        | Reached skill level 6 in Ice Magic
   416 | D        | Reached * piety under Vehumet
   416 | D        | Offered knowledge of Sandblast by Vehumet.
   431 | D        | Reached ** piety under Vehumet
   444 | D        | Reached *** piety under Vehumet
   766 | D        | Noticed a wight
   766 | D        | Noticed a wight
   766 | D        | Noticed a wight
   766 | D        | Noticed a wight
   766 | D        | Noticed a wight
   768 | D        | Noticed a wolf
   775 | D        | Offered knowledge of Scorch by Vehumet.
   776 | D        | Reached skill level 7 in Ice Magic
   776 | D        | Reached XP level 3. HP: 19/19 MP: 6/6
   781 | D        | Reached skill level 8 in Ice Magic
   781 | D        | Reached XP level 4. HP: 2/24 MP: 7/7
   786 | D        | Slain by a wight

Illustrated notes

Levels and vault maps discovered:
D:        pitsprint [storerooms_1, entrance_room_1, metal_vault_6, armoury_2,
          mini_pit_1, grid_room_1, main_hall_1, silver_pit, the_coven_2,
          the_vestibule_1, steel_vault_2, golden_pit, hallway_of_sentries,
          crystal_vault_2, iron_vault_3, final_vault]

Skill      XL: |  1  2  3 |
---------------+----------+-----
Ice Magic      | 5 7 8 |  8.7
Dodging        | |  1.5
Stealth        | |  2.1
Spellcasting   | |  2.0

Action                   |  1- 3 |  4- 6 || total
-------------------------+-------+-------++-------
Melee: Quarterstaff      |    31 |     6 ||    37
 Cast: Freeze            |    10 |       ||    10
  Use: Potion            |     1 |       ||     1
 Stab: Sleeping          |     1 |       ||     1
Armor: Robe              |    22 |     1 ||    23
Dodge: Dodged            |    30 |     4 ||    34
